 Dungeon Crawl Stone Soup version 0.29.0-13-gc9e81de378 (webtiles) character file.

Game seed: 10477935310191621910

11979 sanka the Nimble (level 11, -1/60 HPs)
             Began as a Spriggan Air Elementalist on Sept 9, 2022.
             Was an Initiate of Ashenzari.
             Killed from afar by a hell hound (20 damage)
             ... with a blast of flame
             ... in a Gauntlet.
             The game lasted 00:37:51 (21609 turns).

sanka the Nimble (Spriggan Air Elementalist)       Turns: 21609, Time: 00:37:52

Health: -1/60      AC:  7    Str:  4    XL:     11   Next: 56%
Magic:  7/19       EV: 36    Int: 24    God:    Ashenzari [......]
Gold:   710        SH:  0    Dex: 18    Spells: 10/20 levels left

rFire   . . .      SeeInvis +   D - +5 trident "Fenacept" {vamp, *Noise Int+3 Dex+2}
rCold   . . .      Faith    .   (shield currently unavailable)
rNeg    . . .      Spirit   .   N - +0 steam dragon scales
rPois   .          Reflect  .   R - +2 hat
rElec   .          Harm     .   k - scarf {shadows}
rCorr   .          Rampage  .   (gloves unavailable)
Will    +....      NoTele   +   (boots unavailable)
Stlth   ++........              (no amulet)
HPRegen 0.20/turn               K - +4 ring of evasion
MPRegen 0.16/turn               S - +4 ring of evasion

@: very quick
A: very small, no large weapons, unfitting armour, see invisible, speed 3
a: Renounce Religion, Curse Item


You were in a Gauntlet.
You worshipped Ashenzari.
Ashenzari was noncommittal.
You visited 2 branches of the dungeon, and saw 12 of its levels.
You also visited: Ossuary and Gauntlet.

You collected 710 gold pieces.


Innate Abilities, Weirdness & Mutations

You are very small and have problems with some larger weapons.
You are too small for most types of armour.
You have supernaturally acute eyesight. (SInv)
You cover ground extremely quickly. (Speed+++)


   Skills:
 + Level 8.7 Fighting
 + Level 14.3 Dodging
 - Level 3.0 Stealth
 - Level 5.0 Spellcasting
 - Level 1.0 Conjurations
 - Level 10.0 Air Magic


You had 10 spell levels left.
You knew the following spells:

 Your Spells              Type           Power      Damage    Failure   Level
s - Swiftness             Air            52%        N/A       1%          3
x - Airstrike             Air            26%        2d(4-20)  1%          4
z - Shock                 Conj/Air       100%       1d9       1%          1
Z - Static Discharge      Conj/Air       32%        3-7/arc   1%          2

Your spell library contained the following spells:

 Spells                   Type           Power      Damage    Failure   Level
 Foxfire                  Conj/Fire      32%        2x1d5     7%          1
 Apportation              Tloc           12%        N/A       9%          1
 Necrotise                Necr           24%        1d5       9%          1
 Summon Small Mammal      Summ           24%        N/A       9%          1
 Blink                    Tloc           12%        N/A       13%         2
 Ensorcelled Hibernation  Hex/Ice        12%        N/A       13%         2
 Conjure Flame            Conj/Fire      8%         6-21      22%         3
 Gell's Gravitas          Tloc           6%         N/A       26%         3
 Inner Flame              Hex/Fire       6%         N/A       26%         3
 Portal Projectile        Hex/Tloc       12%        N/A       26%         3
 Spider Form              Tmut/Pois      6%         N/A       26%         3
 Teleport Other           Tloc           6%         N/A       26%         3
 Tukima's Dance           Hex            6%         N/A       26%         3
 Hailstorm                Conj/Ice       8%         3d4       56%         4
 Anguish                  Hex/Necr       3%         N/A       65%         4
 Ice Form                 Ice/Tmut       6%         N/A       65%         4
 Blade Hands              Tmut           3%         N/A       94%         5
 Manifold Assault         Tloc           6%         N/A       94%         5
 Dispersal                Tloc           3%         N/A       100%        6
 Simulacrum               Ice/Necr       3%         N/A       100%        6
 Storm Form               Tmut/Air       15%        N/A       100%        7

Inventory:

Hand Weapons
 D - the +5 trident "Fenacept" (weapon) {vamp, *Noise Int+3 Dex+2}

   It occasionally heals its wielder for a portion of the damage dealt when it
   wounds a living foe.
   Int:       It affects your intelligence (+3).
   Dex:       It affects your dexterity (+2).
   *Noise:    It may make noises in combat.
 Q - a -2 spear of distortion
 U - a +3 long sword
Missiles
 d - 5 throwing nets {=f}
Armour
 k - a scarf of shadows (worn)
 F - the +1 robe of Uphatrustra {rC+ Dex+2}

   Dex:       It affects your dexterity (+2).
   rC:        It protects you from cold.
 L - a +2 cloak
 N - +0 steam dragon scales (worn)
 R - a +2 hat (worn)
Magical Staves
 C - a staff of death
 I - a staff of conjuration {!a}
Jewellery
 b - the ring of Icuetwoask {rF+ Dex+3}

   [ring of protection from fire]

   Dex:       It affects your dexterity (+3).
   rF:        It protects you from fire.
 n - a ring of willpower
 v - a +4 ring of slaying
 H - a ring of poison resistance
 K - a +4 ring of evasion (left hand)
 S - a +4 ring of evasion (right hand)
Wands
 f - a wand of iceblast (11)
 J - a wand of polymorph (9)
 P - a wand of mindburst (13)
Scrolls
 c - a scroll of magic mapping
 g - 4 scrolls of amnesia
 j - 4 scrolls of blinking
 o - 2 scrolls of noise {!r}
 p - a scroll of silence {!r}
 u - a scroll of fear {unknown}
 x - 2 scrolls of poison {!r}
 y - a scroll of brand weapon
 A - 2 scrolls of vulnerability {!r}
 B - 6 scrolls of teleportation {@r4}
 E - a scroll of torment {!r}
 G - 2 scrolls of enchant weapon
 M - 2 scrolls of summoning
 O - 2 scrolls of enchant armour
Potions
 a - a potion of lignification {unknown}
 e - 3 potions of flight {unknown}
 h - 5 potions of attraction {unknown}
 i - 3 potions of might {unknown}
 l - a potion of ambrosia {unknown}
 m - 3 potions of haste {unknown}
 q - 5 potions of berserk rage {unknown}
 r - 3 potions of curing {unknown}
 s - 2 potions of degeneration {unknown}
 t - 5 potions of heal wounds {unknown}
 w - 6 potions of mutation {unknown}
 z - a potion of brilliance {unknown}
 T - a potion of cancellation {unknown}
 V - a potion of resistance {unknown}

Dungeon Overview and Level Annotations

Branches:
Dungeon (11/15)            Temple (1/1) D:5            Lair (0/5) D:11
Ossuary (visited)         Gauntlet (1/1)
    Orc: D:9-12

Altars:
Ashenzari
Cheibriados
Dithmenos
Elyvilon
Fedhas
Gozag
Hepliaklqana
Kikubaaqudgha
Makhleb
Nemelex Xobeh
Okawaru
Qazlal
Ru
Sif Muna
Trog
Uskayaw
Vehumet
Wu Jian
Xom
Yredelemnul
Zin
The Shining One

Shops:
D:10 (

Annotations:
D:4 exclusion: orc wizard Gauntlet 12 transporters

▒8▒▒≈...............≈ ▒8▒ ▒8▒ ▒8▒
▒▒▒▒▒▒▒▒▒▒▒▒▒▒▒▒▒▒▒▒▒▒▒▒▒▒▒▒▒▒▒▒▒
...........≈∩≈...................
.................................
.▒▒▒▒▒▒▒▒▒▒▒.▒▒▒▒▒▒▒▒▒▒▒.▒▒▒▒▒▒▒▒
.▒G.}!©.=..▒.▒▒.▒hE☼E.▒▒.▒[=▒.©.▒
.▒.^.▒.▒^^.▒.▒▒▒[▒°.▒☼§▒.▒▒..▒.▒.
.▒u^..▒....▒.▒▒..▒▒▒▒°▒▒.▒.▒P.▒.P
.▒.▒..▒..▒.▒.▒▒.i▒▒▒...▒.▒..▒P..▒
.▒.▒▒▒▒▒▒▒.▒.▒▒▒..▒▒▒.▒▒.▒▒..▒.▒.
.▒.▒. ▒©.▒.▒.▒....▒..©▒▒.▒u▒..▒..
.▒....▒....▒.▒▒.▒▒.▒▒.▒▒.▒..▒.©.▒
^▒▒▒...▒.▒.▒▒.▒.°▒▒▒.▒G..▒.▒.
.......▒.▒▒..▒▒.▒..▒.▒....▒..
▒▒▒▒▒▒▒▒▒▒▒▒▒▒▒▒▒▒▒▒▒▒▒▒▒▒▒▒▒
..©▒≈≈##8#≈≈≈▒©...........©..
▒▒▒▒▒▒▒▒▒▒▒▒▒▒▒▒▒▒▒▒▒▒▒▒▒▒.▒▒


You could see 2 fire elementals and a hell hound (catching breath).


Message History

The fire elemental completely misses you.
The hell hound barks!
You hit the fire elemental.
The fire elemental is moderately damaged.
The fire elemental completely misses you.
The fire elemental completely misses you.
The hell hound breathes flames at you.
The blast of flame hits the fire elemental.
The fire elemental completely resists.
The blast of flame hits you!
The fire elemental completely misses you.
There is a transporter landing site here.
The hell hound completely misses you.
You see here a +3 scimitar of flaming.
The hell hound breathes flames at you.
The blast of flame hits you but does no damage.
You see here 17 gold pieces.
You now have 710 gold pieces (gained 17).
There is a transporter here.
You see here the ring of Icuetwoask {rF+ Dex+3}.
b - the ring of Icuetwoask {rF+ Dex+3} The hell hound completely misses you.
The hell hound breathes flames at you. The blast of flame misses you.
The blast of flame hits you!
* * * LOW HITPOINT WARNING * * *
You see here a +1 ring mail of cold resistance.
The hell hound breathes flames at you. The blast of flame hits you!!
You die...

Action                   |  1- 3 |  4- 6 |  7- 9 | 10-12 || total
-------------------------+-------+-------+-------+-------++-------
Melee: Unarmed           |     1 |    13 |     2 |       ||    16
       Quarterstaff      |       |       |    34 |    31 ||    65
       Trident           |       |       |       |   132 ||   132
 Cast: Shock             |    74 |   237 |   174 |    58 ||   543
       Static Discharge  |       |     6 |    20 |    40 ||    66
       Airstrike         |       |     2 |    45 |   102 ||   149
Evoke: Wand              |       |       |       |     2 ||     2
  Use: Scroll            |       |     1 |    10 |     3 ||    14
       Potion            |       |       |       |     2 ||     2
Armor: Robe              |     1 |     8 |     6 |     4 ||    19
       Steam dragon scal |       |       |       |    12 ||    12
Dodge: Dodged            |    21 |    68 |    96 |   303 ||   488

Levels and vault maps discovered:
D:1:      co_arrival_square_in_a_square_in_a_square, layout_basic
D:2:      layout_basic, shapermc_ecumenical_altar_venn, serial_rivers,
          chequers_serial_rivers_room_a, chequers_serial_rivers_small_a,
          chequers_serial_rivers_small_3, chequers_serial_rivers_small_3,
          chequers_serial_rivers_small_3, minmay_cut_off
D:3:      layout_loops_corners, nicolae_overflow_squiral, nicolae_eternal_life
D:4:      layout_gridville, dreamdust_divine_triumvirate,
          okawaru_ov_weapons_minmay, enter_ossuary_3, minmay_misc_feat_roman,
          uniq_grinder
D:5:      layout_basic, nicolae_gozag_cash_rules_everything_around_me,
          minmay_temple_entry_overgrown, uniq_menkaure
D:6:      layout_layer_cave, chequers_serial_rivers_micro_c, uniq_sigmund
D:7:      layout_basic, mainiacjoe_overflow_alcove_2, xom_confusion_cloud,
          serial_rivers, chequers_serial_rivers_small_3,
          chequers_serial_rivers_small_a, chequers_serial_rivers_large_a,
          chequers_serial_rivers_room_b, chequers_serial_rivers_room_a
D:8:      layout_basic, chequers_serial_rivers_micro_e, st_stairs_11,
          hangedman_decor_opposing, hellmonk_guarded_unrand_frostbite,
          uniq_psyche, uniq_maurice, uniq_grum
D:9:      hellmonk_crumbling_castle, layout_loops_cross,
          worldfamousw_hep_ancestral_shrine, kennysheep_slug_shrine,
          gammafunk_temple_overflow_pools, nicolae_ashenzari_skybound,
          hangedman_decor_riveting
D:10:     layout_cave_pools, serial_shops, shop
D:11:     layout_roguey, grunt_lair_entry_orc_guard_hut, gauntlet_entry_generic,
          david_greed
Temple:   nicolae_temple_bog_church
Gauntlet: gammafunk_gauntlet_one_two_three [gammafunk_gauntlet_arena_chambers,
          nicolae_gauntlet_arena_x, gammafunk_gauntlet_arena_open,
          gammafunk_gauntlet_arena_grid, gammafunk_gauntlet_arena_arrow_garden,
          gammafunk_gauntlet_arena_mazey, nicolae_gauntlet_arena_t_cross,
          gammafunk_gauntlet_arena_spirals, gammafunk_gauntlet_arena_teeth,
          nicolae_gauntlet_exit_dead_adventurers]

Notes
Turn   | Place    | Note
-------+----------+-------------------------------------------
     0 | D:1      | sanka the Spriggan Air Elementalist began the quest for the
                  | Orb.
     0 | D:1      | Reached XP level 1. HP: 9/9 MP: 5/5
    94 | D:1      | Reached skill level 1 in Conjurations
   129 | D:1      | Reached skill level 3 in Spellcasting
   330 | D:1      | Reached XP level 2. HP: 13/13 MP: 4/7
   418 | D:1      | Reached skill level 3 in Air Magic
   508 | D:1      | Got the Guide on Wicked Deeds and the Volcanoes
   926 | D:1      | Learned a level 2 spell: Static Discharge
  1180 | D:2      | Reached XP level 3. HP: 16/16 MP: 1/8
  1252 | D:2      | Found a faded altar of an unknown god.
  1564 | D:2      | Reached skill level 4 in Air Magic
  1913 | D:4      | Found an iron altar of Okawaru.
  1997 | D:4      | Reached XP level 4. HP: 10/21 MP: 2/9
  2019 | D:4      | Noticed a scorpion
  2079 | D:4      | Killed a scorpion
  2155 | D:4      | Noticed a black bear
  2274 | D:4      | Found a white marble altar of Elyvilon.
  2275 | D:4      | Noticed a scorpion
  2276 | D:4      | Found a glowing silver altar of Zin.
  2290 | D:4      | Reached skill level 5 in Air Magic
  2431 | D:4      | Noticed Grinder
  2531 | D:4      | Found a glowing golden altar of the Shining One.
  2540 | D:4      | Found a sand-covered staircase.
  2548 | Ossuary  | Entered an ossuary
  2704 | Ossuary  | Learned a level 4 spell: Airstrike
  2950 | Ossuary  | Reached XP level 5. HP: 24/24 MP: 7/10
  4489 | D:3      | Reached skill level 6 in Air Magic
  4489 | D:3      | Reached XP level 6. HP: 11/28 MP: 3/11
  5184 | D:2      | Learned a level 3 spell: Swiftness
  6133 | D:3      | Found a bloodstained altar of Trog.
  6134 | D:3      | Found a sparkling altar of Nemelex Xobeh.
  7258 | D:4      | Reached skill level 7 in Air Magic
  7327 | D:4      | Killed Grinder
  7328 | D:4      | Reached XP level 7. HP: 32/32 MP: 3/12
  7510 | D:4      | Reached skill level 8 in Air Magic
  7558 | D:5      | Entered Level 5 of the Dungeon
  7558 | D:5      | Found a staircase to the Ecumenical Temple.
  7566 | Temple   | Entered the Ecumenical Temple
  8524 | D:5      | Noticed Menkaure
  8529 | D:5      | Killed Menkaure
  8530 | D:5      | Reached skill level 4 in Spellcasting
  8530 | D:5      | Reached XP level 8. HP: 31/36 MP: 7/15
  8660 | D:5      | Found an opulent altar of Gozag.
  9081 | D:5      | Identified the +1 robe of Uphatrustra {rC+ Dex+2}
  9160 | D:5      | Reached skill level 9 in Air Magic
  9303 | D:5      | Reached skill level 5 in Spellcasting
  9937 | D:6      | Reached skill level 10 in Air Magic
  9940 | D:6      | Reached skill level 3 in Dodging
 10041 | D:6      | Reached skill level 4 in Dodging
 10467 | D:6      | Reached skill level 5 in Dodging
 10956 | D:6      | Reached skill level 1 in Fighting
 10956 | D:6      | Reached XP level 9. HP: 37/41 MP: 9/17
 11099 | D:6      | Identified the +6 leather armour "Boam" {Rampage rC+ Dex+3}
 11167 | D:6      | Noticed Sigmund
 11169 | D:6      | Killed Sigmund
 11170 | D:6      | Reached skill level 6 in Dodging
 11387 | D:6      | Reached skill level 2 in Fighting
 11963 | D:7      | Reached skill level 7 in Dodging
 12047 | D:6      | Reached skill level 3 in Fighting
 12102 | D:7      | Found a shimmering altar of Xom.
 12519 | D:7      | Reached skill level 8 in Dodging
 12631 | D:7      | Reached skill level 4 in Fighting
 13017 | D:7      | Found a burning altar of Makhleb.
 13083 | D:7      | Reached skill level 9 in Dodging
 13393 | D:7      | Identified the +1 robe of Quegirr {*Corrode Str+5}
 14181 | D:7      | Reached XP level 10. HP: 40/51 MP: 6/18
 14262 | D:7      | Reached skill level 5 in Fighting
 14475 | D:8      | Noticed Maurice
 14480 | D:8      | Noticed Maurice
 14480 | D:8      | Maurice changed into Maurice the jumping spider
 14803 | D:8      | Reached skill level 10 in Dodging
 15249 | D:8      | Noticed Psyche
 15252 | D:8      | Killed Psyche
 15509 | D:8      | Killed Maurice the jumping spider
 15602 | D:8      | Reached skill level 6 in Fighting
 15602 | D:8      | Reached skill level 11 in Dodging
 15737 | D:8      | Found the +8 frozen axe "Frostbite" {freezing cloud, *Noise
                  | Fly rC+}
 16450 | D:8      | Noticed Grum
 16479 | D:8      | Killed Grum
 17314 | D:9      | Reached skill level 12 in Dodging
 17429 | D:9      | Reached skill level 7 in Fighting
 18175 | D:9      | Identified the +5 trident "Fenacept" {vamp, *Noise Int+3
                  | Dex+2}
 18364 | D:9      | Reached XP level 11. HP: 57/58 MP: 8/19
 18571 | D:9      | Found a hazy altar of Hepliaklqana.
 18801 | D:9      | Found a blossoming altar of Fedhas.
 18801 | D:9      | Found a basalt altar of Yredelemnul.
 18837 | D:9      | Found a snail-covered altar of Cheibriados.
 18969 | D:9      | Found a broken altar of Ashenzari.
 19169 | D:9      | Became a worshipper of Ashenzari the Shackled
 19213 | D:10     | Entered Level 10 of the Dungeon
 19269 | D:10     | Identified +0 steam dragon scales
 19270 | D:10     | Reached skill level 13 in Dodging
 19751 | D:10     | Found Daumpuuz's Weapon Emporium.
 20256 | D:10     | Reached skill level 8 in Fighting
 20580 | D:10     | Identified a +0 crystal plate armour
 20644 | D:11     | Noticed a two-headed ogre
 20719 | D:11     | Reached skill level 14 in Dodging
 20733 | D:11     | Found a gate leading to a gauntlet.
 20847 | Gauntlet | Entered a Gauntlet
 20847 | Gauntlet | Found a transporter.
 20902 | Gauntlet | Found a transporter.
 20910 | Gauntlet | Found a transporter.
 20913 | Gauntlet | Noticed a death drake
 20915 | Gauntlet | Found a transporter.
 20915 | Gauntlet | Noticed a purple ugly thing
 20917 | Gauntlet | Noticed a glowing orange brain
 20932 | Gauntlet | Found a transporter.
 20950 | Gauntlet | Found a transporter.
 20962 | Gauntlet | Found a transporter.
 20974 | Gauntlet | Found a transporter.
 20974 | Gauntlet | Noticed a glowing orange brain
 20974 | Gauntlet | Noticed a green ugly thing
 20977 | Gauntlet | Noticed a green ugly thing
 20989 | Gauntlet | Found a transporter.
 20998 | Gauntlet | Found a transporter.
 21015 | Gauntlet | Found a transporter.
 21033 | Gauntlet | Found a transporter.
 21035 | Gauntlet | Found a transporter.
 21198 | Gauntlet | Found a transporter.
 21221 | Gauntlet | Noticed a thrashing horror
 21294 | Gauntlet | Found a transporter.
 21326 | Gauntlet | Found a transporter.
 21326 | Gauntlet | Found a transporter.
 21605 | Gauntlet | Identified the ring of Icuetwoask {rF+ Dex+3}
 21609 | Gauntlet | Killed from afar by a hell hound

Vanquished Creatures
  Psyche (D:8)
  An efreet (Gauntlet)
  An ice devil (D:8)
  A komodo dragon (D:11)
  3 freezing wraiths (D:8)
  A troll (D:11)
  A polar bear (shapeshifter) (Gauntlet)
  A hornet (D:9)
  Grinder (D:4)
  A jumping spider (D:8)
  2 centaur simulacra (Gauntlet)
  Sigmund (D:6)
  A wraith (D:10)
  16 yaks
  Grum (D:8)
  3 steam dragons
  Menkaure (D:5)
  3 vampire mosquitoes
  2 water moccasins
  2 orc warriors
  3 ice beasts
  6 sky beasts
  A black bear (D:6)
  4 wolves (D:8)
  2 ogres (D:5)
  2 centaurs
  A kobold brigand (D:9)
  4 bullfrogs
  4 scorpions
  14 wights
  A hornet simulacrum (Gauntlet)
  11 killer bees
  2 howler monkeys
  A jelly (D:7)
  A human zombie (Ossuary)
  3 gnoll boudas
  5 hounds
  6 orc priests
  12 orc wizards
  2 iguanas
  2 mummies (Ossuary)
  11 adders
  20 gnolls
  3 shadow imps
  6 white imps (D:8)
  2 ufetubi (D:5)
  3 adder zombies (Ossuary)
  A worm (D:2)
  2 dart slugs
  35 orcs
  4 endoplasms
  A giant cockroach (D:4)
  7 goblins
  2 hobgoblins (D:3)
  8 jackals
  5 quokkas
  6 ball pythons
  5 bats
  3 frilled lizards (D:1)
  2 goblin zombies (Ossuary)
  13 hobgoblin zombies
  8 kobolds
  11 kobold zombies (Ossuary)
  6 orc zombies (Ossuary)
  5 rats
  2 rat zombies (Ossuary)
302 creatures vanquished.

Vanquished Creatures (others)
  A black bear (D:7)
  A howler monkey (D:7)
  2 orcs
  16 demonic plants (Gauntlet)
20 creatures vanquished.

Grand Total: 322 creatures vanquished
